 Dungeon Crawl Stone Soup version 0.29.0-11-gd7f09526c8 (webtiles) character file.

Game seed: 11959510077266292484

120 groovy9 the Ruffian (level 4, -1/44 HPs)
             Began as a Troll Berserker on Sept 7, 2022.
             Was a Priest of Trog.
             Slain by a gnoll
             ... wielding a +0 flail
              (8 damage)
             ... on level 2 of the Dungeon.
             The game lasted 00:07:38 (1404 turns).

groovy9 the Ruffian (Troll Berserker)               Turns: 1404, Time: 00:07:39

Health: -1/44      AC:  4    Str: 27    XL:     4   Next: 75%
Magic:  3/3        EV: 10    Int:  3    God:    Trog [***...]
Gold:   166        SH:  0    Dex:  9    Spells: 3/3 levels left

rFire   + . .      SeeInvis .     - Unarmed
rCold   + . .      Faith    .   (no shield)
rNeg    . . .      Spirit   .   j - +0 robe {rC+ rF+}
rPois   .          Reflect  .   (helmet restricted)
rElec   .          Harm     .   (no cloak)
rCorr   .          Rampage  .   (gloves unavailable)
Will    .....                   (boots unavailable)
Stlth   +.........              (no amulet)
HPRegen 0.94/turn               (no ring)
MPRegen 0.08/turn               (no ring)

@: no status effects
A: large, unfitting armour, claws 3, regeneration 1, shaggy fur 1, tough skin 1
a: Renounce Religion, Berserk, Trog's Hand


You were on level 2 of the Dungeon.
You worshipped Trog.
Trog was most pleased with you.
You visited 1 branch of the dungeon, and saw 2 of its levels.

You collected 166 gold pieces.

Inventory:

Hand Weapons
 a - a +0 sling of flaming
Missiles
 e - 13 stones
Armour
 j - a +0 robe of resistance (worn)
Wands
 k - a wand of paralysis (5)
Scrolls
 c - a scroll of noise {unknown}
 d - a scroll of enchant armour {unknown}
 f - 2 scrolls of identify {unknown}
 g - a scroll of immolation {unknown}
 h - a scroll of teleportation
Potions
 i - a potion of haste


   Skills:
 - Level 2.4 Fighting
 + Level 3.2 Dodging
 * Level 4.9 Unarmed Combat


You had 3 spell levels left.
You didn't know any spells.
Your spell library was empty.

Dungeon Overview and Level Annotations

Branches:
Dungeon (2/15)

Altars:
Vehumet


Innate Abilities, Weirdness & Mutations

You are too large for most types of armour.
You have claws for hands.
Your natural rate of healing is unusually fast.
You are covered in fur. (AC +1)
You have tough skin. (AC +1)


Message History

The bat closely misses you.
You mangle the bat!!
You kill the bat!
Trog accepts your kill. The gnoll hits you with a +0 spear!
You closely miss the gnoll. The gnoll hits you with a +0 spear.
The gnoll hits you from afar with a +0 spear.
You are too injured to fight recklessly!
You are too injured to fight recklessly!
You are too injured to fight recklessly!
You are too injured to fight recklessly!
You are too injured to fight recklessly!
You are too injured to fight recklessly!
You are too injured to fight recklessly!
You are too injured to fight recklessly!
You are too injured to fight recklessly!
You are too injured to fight recklessly!
You are too injured to fight recklessly!
You are too injured to fight recklessly!
You are too injured to fight recklessly!
You are too injured to fight recklessly!
You claw the gnoll!
You kill the gnoll!
Trog accepts your kill.
The gnoll hits you from afar with a +0 spear.
You scratch the gnoll but do no damage. The gnoll barely misses you.
The gnoll hits you with a +0 flail. The gnoll hits you with a +0 flail.
The gnoll hits you but does no damage. The gnoll hits you with a +0 flail!
You closely miss the gnoll. The gnoll closely misses you.
The gnoll hits you with a +0 flail!
* * * LOW HITPOINT WARNING * * *
You closely miss the gnoll. The gnoll closely misses you.
The gnoll hits you with a +0 flail!
* * * LOW HITPOINT WARNING * * *
You feel better.
The gnoll hits you from afar with a +0 spear.
* * * LOW HITPOINT WARNING * * *
The gnoll hits you with a +0 flail!
You die... .........# ... ...........# ###### ..g. ...........# #....... g.gg

...........# #....... ......#
...........####....... g.....#
...................... . ....#
........g...........# ....#
........g.†.........#### ....
.......@................ ###.#
....................#... ....###
....................#... ).....#
###########.........#... ###)#.#
###################...
###)#.######...........#######...
#..)#.#................##........
#.###.#................##........
....................)..##........


You could see 2 gnolls.

Vanquished Creatures
  Robin (D:2)
  A gnoll (D:2)
  A dart slug (D:2)
  4 orcs (D:2)
  6 bats
  11 endoplasms
  9 giant cockroaches
  12 goblins
  3 hobgoblins
  9 jackals (D:1)
  5 kobolds
  2 quokkas (D:1)
  4 ball pythons
  3 frilled lizards (D:1)
  10 rats
81 creatures vanquished.

Notes
Turn   | Place    | Note
-------+----------+-------------------------------------------
     0 | D:1      | groovy9 the Troll Berserker began the quest for the Orb.
     0 | D:1      | Reached XP level 1. HP: 22/22 MP: 0/0
     1 | D:1      | Found a runed translucent door.
   212 | D:1      | Reached XP level 2. HP: 22/29 MP: 1/1
   370 | D:1      | Reached ** piety under Trog
   526 | D:1      | Reached XP level 3. HP: 36/36 MP: 2/2
   539 | D:1      | Found a faded altar of an unknown god.
   678 | D:1      | Reached skill level 4 in Unarmed Combat
   873 | D:2      | Found a radiant altar of Vehumet.
   967 | D:2      | Reached XP level 4. HP: 44/44 MP: 3/3
   974 | D:2      | Reached *** piety under Trog
  1037 | D:2      | Noticed Robin
  1079 | D:2      | Killed Robin
  1403 | D:2      | HP: 2/44 [gnoll/+0 flail (7)]
  1404 | D:2      | Slain by a gnoll

Illustrated notes

Levels and vault maps discovered:
D:1:      dpeg_arrival_caged_fury, layout_loops_cross, basic_ecumenical_altar,
          minmay_misc_feat_four_crosses, dreamdust_princess_bridge, st_stairs_12
D:2:      layout_basic, basic_altar, uniq_robin

Skill      XL: |  1  2  3 |
---------------+----------+-----
Unarmed Combat | 4 |  4.9
Dodging        | 3 |  3.2
Fighting       | |  2.4

Action                   |  1- 3 |  4- 6 || total
-------------------------+-------+-------++-------
Melee: Unarmed           |   118 |    66 ||   184
       Punch             |       |     2 ||     2
Invok: Berserk           |       |     1 ||     1
  Use: Scroll            |     5 |       ||     5
       Potion            |     2 |     1 ||     3
Armor: Animal skin       |    20 |       ||    20
       Robe              |    18 |    18 ||    36
Dodge: Dodged            |    57 |    30 ||    87
